 Dungeon Crawl Stone Soup version 0.26-a0-712-ga5a9c9c9d0 (webtiles) character file.

Game seed: 3906884941366026984

3688 kae the Transmogrifier (level 10, -11/82 HPs)
             Began as a Naga Transmuter on Nov 3, 2020.
             Was a Believer of Cheibriados.
             Mangled by an orc warrior
             ... wielding a +0 trident
              (14 damage)
             ... on level 8 of the Dungeon.
             The game lasted 00:09:08 (10548 turns).

kae the Transmogrifier (Naga Transmuter)           Turns: 10548, Time: 00:09:09

Health: -11/82     AC:  4    Str: 21    XL:     10   Next: 13%
Magic:  6/13       EV: 10    Int: 19    God:    Cheibriados [**....]
Gold:   453        SH:  0    Dex: 16    Spells: 4/13 levels left

rFire    . . .     SeeInvis +     - Unarmed
rCold    . . .     Faith    .   (shield currently unavailable)
rNeg     . . .     Spirit   .   a - +1 robe
rPois    +         Reflect  .   (no helmet)
rElec    .         Harm     .   p - +2 cloak
rCorr    .         Rampage  .   (gloves currently unavailable)
MR       +....                  (no barding)
Stlth    +.........             v - amulet of regeneration
HPRegen  0.63/turn              (no ring)
MPRegen  0.13/turn              (no ring)

@: blade hands, corroded, very slow
A: large, see invisible, deformed body, poison resistance, slowness 2, spit
poison 1, AC +3
a: Spit Poison, End Transformation, Bend Time, Renounce Religion


You were on level 8 of the Dungeon.
You worshipped Cheibriados.
Cheibriados was pleased with you.
You had blades for hands.
You visited 2 branches of the dungeon, and saw 9 of its levels.

You collected 474 gold pieces.
You spent 21 gold pieces at shops.

Inventory:

Hand Weapons
 c - a +2 hand axe of freezing
Armour
 a - a +1 robe (worn)
 h - a +0 pair of gloves (melded)
 p - a +2 cloak (worn)
Jewellery
 g - an uncursed ring of resist corrosion {unknown}
 u - a +4 ring of evasion {unknown}
 v - an amulet of regeneration (around neck)
Wands
 d - a wand of flame (30)
 k - a wand of digging (6)
 r - a wand of disintegration (6)
 w - a wand of acid (20)
 y - a wand of polymorph (5)
Scrolls
 b - 2 scrolls of enchant weapon
 e - 9 scrolls of identify
 m - a scroll of enchant armour
 o - a scroll of teleportation
 t - 2 scrolls of amnesia
 B - a scroll of fog
 D - a scroll of remove curse
Potions
 f - a potion of resistance
 i - a potion of berserk rage
 j - 2 potions of brilliance
 n - 2 potions of might
 q - a potion of mutation
 s - a potion of haste
 x - a potion of ambrosia
 z - a potion of flight
 A - a potion of curing
 C - a potion of cancellation {unknown}
 E - a potion of stabbing {unknown}


   Skills:
 + Level 2.9 Fighting
 - Level 1.5 Dodging
 - Level 9.0 Unarmed Combat
 - Level 2.0 Spellcasting
 - Level 11.0 Transmutations
 - Level 3.0 Poison Magic


You had 4 spell levels left.
You knew the following spells:

 Your Spells              Type           Power        Failure   Level
a - Beastly Appendage     Tmut           #####.       9%          1
b - Spider Form           Tmut/Pois      ####......   24%         3
c - Blade Hands           Tmut           #####.....   32%         5

Your spell library contained the following spells:

 Spells                   Type           Power        Failure   Level
 Wereblood                Tmut           #####...     10%         2
 Magic Dart               Conj           #...         58%         1
 Ice Form                 Ice/Tmut       ###.....     58%         4
 Searing Ray              Conj           #.....       69%         2
 Dazzling Flash           Conj/Hex       #.....       85%         3
 Fulminant Prism          Conj/Hex       #.........   99%         4
 Iskenderun's Mystic Bla  Conj/Tloc      #.......     99%         4


Dungeon Overview and Level Annotations

Branches:
Dungeon (8/15)             Temple (1/1) D:4
   Lair: D:8-11

Altars:
Cheibriados
Dithmenos
Elyvilon
Fedhas
Gozag
Hepliaklqana
Kikubaaqudgha
Makhleb
Nemelex Xobeh
Okawaru
Qazlal
Ru
Sif Muna
Uskayaw
Vehumet
Wu Jian
Xom
Yredelemnul
Zin
The Shining One

Shops:
D:8 *

Annotations:
D:8 Grum, Psyche


Innate Abilities, Weirdness & Mutations

You cannot wear boots.
Your serpentine skin is tough. (AC +3)
You have supernaturally acute eyesight. (SInv)
Armour fits poorly on your strangely shaped body.
Your system is resistant to poisons. (rPois)
You cover ground very slowly.
You can spit poison.


Message History

An orc priest comes into view. It is wielding a +0 short sword.
The orc priest shouts!
An orc warrior comes into view. It is wielding a +0 trident.
The orc warrior shouts!
An orc wizard comes into view. It is wielding a +0 dagger.
The orc wizard shouts!
An orc comes into view. It is wielding a +0 hand axe.
The orc shouts!
You hear a shout! x2
The orc wizard casts a spell.
The orc wizard blinks!
The orc warrior hits you from afar with a +0 trident.
* * * LOW HITPOINT WARNING * * *
The orc priest hits you with a +0 short sword.
* * * LOW HITPOINT WARNING * * *
The orc wizard gestures wildly while chanting.
The orc wizard blinks!
The orc priest hits you but does no damage.
An orc comes into view. It is wielding a +0 hand axe.
The orc warrior hits you from afar with a +0 trident!
You die...

## #§# ###..
#...o##
#...o.###
#..5@..#
###.........
#...§.....
....o.#?..
.......# ..
........o >
..........(
...o.........


You could see an orc warrior, an orc priest, an orc wizard, a shadow imp and 2
orcs.

Vanquished Creatures
  Pikel (D:4)
  Joseph (D:7)
  Grinder (D:3)
  A hornet (D:7)
  Edmund (D:5)
  Duvessa (D:7)
  A phantom (D:7)
  A sky beast (D:6)
  An ice beast (D:7)
  2 centaurs
  2 ogres (D:6)
  A wolf (D:8)
  A lemure (D:4)
  2 big kobolds
  2 bullfrogs (D:7)
  Dowan (D:7)
  3 scorpions
  4 killer bees (D:7)
  5 hounds
  Crazy Yiuf (D:3)
  An orc priest (D:4)
  5 iguanas
  Terence (D:3)
  Natasha (thrice) (D:3)
  2 orc wizards (D:3)
  5 worker ants
  A howler monkey zombie (D:6)
  Robin (D:2)
  4 gnolls (D:6)
  11 adders
  A howler monkey skeleton (D:7)
  2 white imps
  4 worms
  2 leopard geckos
  31 orcs
  9 giant cockroaches
  20 goblins
  9 hobgoblins
  14 jackals
  3 quokkas
  A ball python (D:5)
  7 bats
  4 frilled lizards
  30 kobolds
  A leopard gecko skeleton (D:4)
  A quokka skeleton (D:4)
  9 rats
215 creatures vanquished.

Vanquished Creatures (others)
  36 plants (D:4)
36 creatures vanquished.

Grand Total: 251 creatures vanquished

Notes
Turn   | Place    | Note
-------+----------+-------------------------------------------
     0 | D:1      | kae the Naga Transmuter began the quest for the Orb.
     0 | D:1      | Reached XP level 1. HP: 18/18 MP: 3/3
   432 | D:1      | Reached XP level 2. HP: 25/25 MP: 3/5
  1201 | D:2      | Reached skill level 3 in Transmutations
  1202 | D:2      | Reached XP level 3. HP: 16/31 MP: 6/6
  1208 | D:2      | Learned a level 3 spell: Spider Form
  1502 | D:2      | Reached skill level 1 in Poison Magic
  1655 | D:2      | Reached XP level 4. HP: 17/38 MP: 7/7
  3011 | D:2      | Noticed Robin
  3025 | D:2      | Killed Robin
  3028 | D:2      | Reached XP level 5. HP: 21/44 MP: 5/8
  3552 | D:3      | Reached skill level 4 in Transmutations
  3585 | D:3      | Noticed Grinder
  3609 | D:3      | Killed Grinder
  3609 | D:3      | Reached skill level 5 in Transmutations
  3609 | D:3      | Reached XP level 6. HP: 15/51 MP: 6/9
  3821 | D:3      | Noticed Terence
  3827 | D:3      | Killed Terence
  3918 | D:3      | Found a runed translucent door.
  3919 | D:3      | Noticed Crazy Yiuf
  4151 | D:3      | Reached XP level 7. HP: 51/57 MP: 6/10
  4443 | D:3      | Noticed Natasha
  4452 | D:3      | Killed Natasha
  4499 | D:3      | Reached skill level 6 in Transmutations
  4600 | D:3      | Noticed Natasha
  4607 | D:3      | Killed Natasha
  4607 | D:3      | Reached skill level 5 in Unarmed Combat
  4753 | D:3      | Noticed Natasha
  4758 | D:3      | Killed Natasha
  4987 | D:3      | Killed Crazy Yiuf
  5868 | D:3      | Reached skill level 7 in Transmutations
  6314 | D:4      | Found a basalt altar of Yredelemnul.
  6360 | D:4      | Reached XP level 8. HP: 64/64 MP: 7/11
  6405 | D:4      | Noticed Pikel
  6439 | D:4      | Killed Pikel
  6439 | D:4      | Reached skill level 8 in Transmutations
  6535 | D:4      | Found a staircase to the Ecumenical Temple.
  6595 | Temple   | Entered the Ecumenical Temple
  6676 | Temple   | Became a worshipper of Cheibriados the Contemplative
  7103 | D:4      | Learned a level 5 spell: Blade Hands
  7128 | D:5      | Entered Level 5 of the Dungeon
  7692 | D:5      | Reached * piety under Cheibriados
  7851 | D:5      | Noticed Edmund
  7869 | D:5      | Killed Edmund
  7869 | D:5      | Reached skill level 9 in Transmutations
  7869 | D:5      | Reached XP level 9. HP: 52/70 MP: 9/12
  7981 | D:5      | Found a shimmering blue altar of Sif Muna.
  7981 | D:5      | Found an opulent altar of Gozag.
  7982 | D:5      | Found a blossoming altar of Fedhas.
  7984 | D:5      | Found an ornate altar of the Wu Jian Council.
  8397 | D:6      | Found a shadowy altar of Dithmenos.
  9382 | D:7      | Reached skill level 10 in Transmutations
  9501 | D:7      | Noticed Dowan
  9502 | D:7      | Noticed Duvessa
  9504 | D:7      | Reached ** piety under Cheibriados
  9505 | D:7      | Noticed Joseph
  9518 | D:7      | Killed Duvessa
  9696 | D:7      | Killed Dowan
  9702 | D:7      | Killed Joseph
 10289 | D:8      | Noticed a hornet
 10381 | D:7      | Reached skill level 11 in Transmutations
 10386 | D:7      | Reached XP level 10. HP: 48/78 MP: 9/13
 10527 | D:8      | Found Plog's Assorted Antiques.
 10534 | D:8      | Bought a blue potion for 21 gold pieces
 10537 | D:8      | Found a white marble altar of Elyvilon.
 10538 | D:8      | Noticed Grum
 10538 | D:8      | Noticed Psyche
 10547 | D:8      | HP: 3/82 [wolf[Grum] (6)]
 10548 | D:8      | Mangled by an orc warrior

Illustrated notes

Levels and vault maps discovered:
D:1:      eino_arrival_cavern_a, layout_basic, chequers_arboretum
D:2:      layout_basic, uniq_robin
D:3:      layout_loops_ring, uniq_natasha, uniq_terence, uniq_grinder,
          uniq_crazy_yiuf_cottage
D:4:      kennysheep_kobold_camp, layout_rooms, kennysheep_mini_moat,
          minmay_temple_entry_antechambers, uniq_pikel
D:5:      layout_basic, chequers_temple_overflow_statue_of_worship, uniq_edmund
D:6:      layout_loops_corners, serial_glass, glass_columns_b, glass_columns_c,
          basic_altar
D:7:      layout_rooms, uniq_joseph, uniq_duvessa
D:8:      layout_cave_pools, lemuel_crystal_altar, gammafunk_ghost_mausoleum,
          serial_shops, nicolae_shop_overgrown_old_shop, uniq_grum, uniq_psyche
Temple:   regret_index_temple_waves

Skill      XL: |  1  2  3  4  5  6  7  8  9 10 |
---------------+-------------------------------+-----
Transmutations | 3 5 7 9 11 | 11.0
Poison Magic   | 1 2 3 |  3.0
Unarmed Combat | 4 5 7 8 9 |  9.0
Fighting       | 2 |  2.9
Dodging        | |  1.5
Spellcasting   | |  2.0

Action                   |  1- 3 |  4- 6 |  7- 9 | 10-12 || total
-------------------------+-------+-------+-------+-------++-------
Melee: Unarmed           |    10 |    69 |   335 |    21 ||   435
       Hand axe          |    65 |    92 |    34 |       ||   191
       Headbutt          |     2 |     5 |       |       ||     7
       Punch             |     1 |     1 |     1 |     1 ||     4
 Cast: Beastly Appendage |    18 |    14 |       |       ||    32
       Spider Form       |       |     9 |    48 |       ||    57
       Blade Hands       |       |       |     7 |     3 ||    10
Invok: Bend Time         |       |       |       |     1 ||     1
 Abil: Spit Poison       |    15 |     5 |     7 |       ||    27
  Use: Scroll            |       |    10 |    14 |     1 ||    25
       Potion            |       |       |     4 |     1 ||     5
 Stab: Distracted        |       |     1 |       |       ||     1
Armor: Robe              |    22 |    39 |    44 |    20 ||   125
       Skin              |       |     3 |    13 |       ||    16
Dodge: Dodged            |    83 |   142 |   339 |    27 ||   591

Table legend: (Time is in decaauts)
 A = Elapsed time spent in this place.
 B = Non-inter-level travel time spent in this place.
 C = Inter-level travel time spent in this place.
 D = Time resting spent in this place.
 E = Time spent auto-exploring this place.
 F = Levels seen in this place.
 G = Mean time per level.
                   A        B        C        D        E       F      G
               +--------+--------+--------+--------+--------+-----+--------+
         Total |  13146 |  12578 |    568 |   1275 |   9612 |   9 | 1460.7 |
       Dungeon |  12983 |  12469 |    514 |   1275 |   9505 |   8 | 1622.9 |
        Temple |    163 |    109 |     54 |      0 |    106 |   1 |  163.0 |
               +--------+--------+--------+--------+--------+-----+--------+

Top non-repeatable levels by time:
     D:3: 2725 daAuts
     D:2: 2375 daAuts
     D:6: 1847 daAuts
     D:5: 1583 daAuts
     D:4: 1553 daAuts
     D:1: 1434 daAuts
     D:7: 1370 daAuts
  Temple: 163 daAuts
     D:8: 93 daAuts
